Map: Fundgrube LE

Players

Neuro - Winner!

  • Race: Protoss Protoss
  • League: Master
  • Spawn Location: 7:00

Danny

  • Race: Terran Terran
  • League: Master
  • Spawn Location: 1:00

VOD

Have the link to the VOD?

Description

Time

  • Played on: Sept. 1, 2018, 12:39 p.m.
  • Length: 25:44
Show
View Real Time Build Order
Export as new Build Order

Neuro Protoss - Winner!

Build Orders: 1 Gate Expand, Phoenix Opening 

Get SALT Encoding   

  12  0:01  Probe  
  13  0:13  Probe  
  14  0:17  Pylon  
  14  0:24  Probe  
  15  0:32  Probe  
  15  0:40  Probe, Gateway  
  16  0:46  Assimilator  
  17  0:51  Probe  
  18  1:03  Probe  
  19  1:28  Nexus  
  19  1:30  Probe  
  20  1:41  Cybernetics Core  
  20  1:43  Probe  
  21  1:51  Assimilator  
  21  1:57  Pylon  
  21  1:58  Probe  
  22  2:08  Adept  
  22  2:11  Probe  
  23  2:18  Warp Gate  
  25  2:23  Probe  
  26  2:30  Stargate  
  26  2:34  Probe  
  27  2:37  Probe  
  27  2:42  Probe  
  28  2:45  Probe  
  28  2:49  Adept  
  28  2:50  Probe  
  32  2:55  Probe  
  34  3:02  Probe  
  34  3:04  Probe  
  35  3:12  Probe  
  36  3:13  Phoenix  
  36  3:14  Probe  
  40  3:21  Probe  
  40  3:24  Pylon  
  40  3:26  Probe  
  42  3:33  Phoenix  
  42  3:36  Probe  
  45  3:46  Probe  
  46  3:49  Assimilator  
  46  3:53  Phoenix, Robotics Facility  
  47  3:55  Probe  
  47  3:57  Pylon  
  47  3:58  Assimilator, Probe  
  50  4:10  Probe  
  50  4:13  Probe  
  50  4:14  Phoenix  
  52  4:22  Probe  
  55  4:25  Probe  
  56  4:31  Pylon  
  56  4:34  Probe, Phoenix  
  56  4:37  Probe  
  58  4:39  Immortal  
  60  4:46  Probe  
  60  4:50  Pylon  
  60  4:52  Nexus  
  63  5:27  Phoenix  
  69  5:28  Immortal  
  69  5:40  Probe  
  69  5:41  Probe  
  71  5:45  Robotics Facility, Robotics Bay  
  71  5:48  Stargate, Pylon  
  71  5:51  Pylon  
  71  5:55  Shield Battery  
  71  5:56  Shield Battery  
  71  6:08  Immortal  
  75  6:16  Shield Battery, Probe x2  
  75  6:17  Shield Battery  
  77  6:21  Forge  
  77  6:22  Phoenix  
  59  6:51  Probe x2  
  59  6:52  Probe  
  61  6:58  Colossus x2  
  61  7:03  Probe  
  61  7:04  Probe  
  61  7:05  Probe  
  64  7:11  Extended Thermal Lance  
  76  7:15  Probe  
  76  7:16  Probe  
  76  7:17  Probe  
  76  7:24  Probe  
  76  7:26  Probe  
  76  7:28  Probe  
  72  7:32  Probe  
  72  7:35  Probe  
  74  7:40  Probe  
  74  7:41  Probe  
  74  7:43  Probe  
  76  7:48  Probe  
  76  7:49  Probe  
  78  7:52  Observer x2, Probe  
  78  7:56  Probe  
  78  7:57  Probe  
  83  8:00  Probe  
  86  8:06  Probe  
  87  8:13  Colossus  
  93  8:27  Protoss Ground Weapons Level 1  
  93  8:28  Probe x3  
  93  8:30  Phoenix x2  
  100  8:36  Probe x3  
  103  8:43  Fleet Beacon, Pylon  
  103  8:45  Probe  
  103  8:46  Probe x2  
  103  8:49  Assimilator  
  103  8:54  Assimilator  
  106  8:58  Probe  
  106  9:00  Observer  
  108  9:07  Immortal, Probe x2  
  114  9:11  Pylon  
  114  9:19  Pylon  
  114  9:22  Pylon  
  114  9:26  Anion Pulse-Crystals  
  114  9:29  Immortal  
  118  9:32  Probe x3  
  118  9:37  Phoenix x2  
  125  9:42  Pylon  
  125  9:44  Probe x2  
  123  9:56  Observer  
  100  10:03  Observer  
  93  10:07  Colossus  
  93  10:12  Phoenix x2  
  98  10:18  Probe  
  98  10:19  Colossus  
  111  10:33  Probe x2  
  113  10:38  Probe  
  113  10:41  Phoenix x2  
  118  10:49  Pylon  
  118  10:51  Protoss Air Weapons Level 1  
  118  10:53  Protoss Shields Level 1, Nexus  
  118  10:54  Colossus, Pylon  
  118  10:59  Stargate  
  124  11:06  Pylon  
  124  11:10  Twilight Council  
  124  11:19  Photon Cannon  
  124  11:21  Photon Cannon  
  124  11:22  Colossus  
  124  11:24  Photon Cannon x2  
  124  11:26  Shield Battery, Photon Cannon  
  124  11:35  Phoenix x2  
  133  11:54  Phoenix x2  
  133  11:58  Colossus  
  143  12:12  Mothership  
  143  12:16  Immortal  
  143  12:21  Assimilator  
  151  12:25  Assimilator  
  155  12:45  Stargate  
  160  13:00  Robotics Facility  
  160  13:03  Carrier  
  166  13:08  Carrier  
  166  13:15  Carrier  
  170  13:30  Carrier  
  170  14:02  Protoss Air Weapons Level 2  
  170  14:04  Graviton Catapult  
  161  14:17  Disruptor  
  160  14:27  Disruptor x2  
  169  14:53  Carrier x2  
  169  14:58  Carrier  
  169  15:03  Carrier  
  173  15:58  Nexus  
  173  16:01  Photon Cannon x2  
  173  16:03  Photon Cannon  
  173  16:04  Shield Battery  
  173  16:06  Pylon  
  141  16:20  Observer  
  141  16:21  Carrier x2  
  141  16:22  Carrier  
  105  16:33  Mothership  
  105  16:36  Disruptor  
  105  16:37  Disruptor  
  113  17:02  Disruptor  
  113  17:04  Nexus  
  113  17:06  Disruptor  
  110  17:36  Pylon  
  109  17:45  Colossus  
  115  17:53  Pylon x2  
  115  17:59  Protoss Air Armor Level 1  
  115  18:00  Colossus  
  115  18:03  Fleet Beacon  
  115  18:04  Immortal  
  112  18:10  Shield Battery  
  112  18:12  Pylon  
  118  18:14  Forge, Nexus  
  118  18:18  Pylon  
  122  18:20  Pylon  
  122  18:30  Colossus  
  128  18:42  Pylon  
  128  18:43  Colossus  
  128  18:44  Probe  
  128  18:45  Probe x2  
  128  18:46  Assimilator  
  132  18:57  Photon Cannon  
  132  18:58  Photon Cannon  
  132  19:00  Photon Cannon  
  132  19:01  Photon Cannon  
  128  19:07  Colossus, Nexus  
  128  19:09  Pylon  
  134  19:12  Assimilator  
  134  19:13  Probe x2  
  134  19:14  Probe  
  134  19:16  Assimilator  
  137  19:22  Assimilator  
  137  19:27  Assimilator  
  137  19:43  Colossus  
  143  19:46  Charge  
  143  20:08  Immortal  
  143  20:11  Gateway  
  143  20:14  Gateway  
  147  20:15  Gateway  
  147  20:29  Gateway  
  147  20:30  Gateway  
  147  20:33  Gateway  
  147  20:35  Gateway  
  146  20:37  Gateway  
  146  20:38  Gateway  
  146  20:42  Immortal x2  
  103  21:36  Mothership  
  103  21:39  Zealot x6  
  115  21:40  Zealot  
  106  22:44  Carrier x2  
  106  22:51  Carrier  
  124  23:08  Pylon  
  124  23:12  Forge  
  124  23:29  Sentry  
  124  23:31  Observer  
  126  24:06  Shield Battery  
  126  24:07  Shield Battery, Phoenix x2  
  126  24:10  Zealot x2  
  134  24:17  Phoenix, Photon Cannon  
  136  24:35  Phoenix  
  130  24:53  Phoenix x2  
Show
View Real Time Build Order
Export as new Build Order

Danny Terran 

Build Orders: Reaper Expand, MMM Bio 

Get SALT Encoding   

  12  0:00  SCV  
  13  0:12  SCV  
  14  0:17  Supply Depot  
  14  0:25  SCV  
  15  0:32  Refinery  
  15  0:38  SCV  
  16  0:45  Barracks  
  16  0:50  SCV  
  17  1:02  SCV  
  18  1:14  SCV  
  19  1:34  Orbital Command, Reaper  
  20  1:43  Command Center  
  20  1:55  Factory  
  20  2:05  SCV  
  21  2:08  Supply Depot  
  21  2:11  Barracks Reactor  
  21  2:18  SCV  
  22  2:23  Refinery  
  22  2:30  SCV  
  23  2:46  Starport  
  23  2:56  SCV  
  23  2:57  Orbital Command  
  24  3:00  Bunker  
  24  3:01  Hellion  
  24  3:02  Hellion  
  24  3:05  Marine  
  28  3:08  SCV  
  30  3:20  SCV  
  30  3:22  Supply Depot  
  30  3:23  SCV  
  30  3:26  Widow Mine  
  34  3:27  Widow Mine  
  35  3:41  Medivac  
  35  3:43  SCV x2  
  39  3:49  Engineering Bay  
  39  3:55  SCV x2  
  41  4:00  Widow Mine x2  
  41  4:01  Barracks Tech Lab  
  45  4:07  SCV x2  
  45  4:18  Medivac  
  45  4:19  SCV x2  
  45  4:21  Missile Turret  
  45  4:22  Missile Turret  
  49  4:25  Stimpack, Supply Depot, Marine  
  49  4:27  Widow Mine  
  50  4:34  Widow Mine  
  50  4:38  SCV x2  
  54  4:40  Terran Infantry Weapons Level 1  
  54  4:44  Supply Depot  
  54  4:46  Marine  
  55  4:54  Widow Mine  
  55  4:55  Widow Mine  
  59  5:02  SCV x2  
  59  5:04  Liberator  
  62  5:21  SCV  
  62  5:22  SCV  
  62  5:25  Refinery  
  62  5:26  Refinery  
  60  5:29  Command Center  
  60  5:32  Barracks x2  
  60  5:33  SCV  
  60  5:34  SCV  
  58  5:43  Widow Mine x2, Marine  
  58  5:46  SCV x2  
  65  5:56  Supply Depot x2  
  65  5:57  Supply Depot  
  65  5:58  SCV x2  
  65  6:01  Marine  
  65  6:03  Barracks  
  68  6:05  Barracks  
  68  6:10  Starport Reactor, SCV x2  
  70  6:18  Widow Mine x2  
  74  6:20  Marauder  
  74  6:21  Barracks Tech Lab  
  74  6:22  Barracks Tech Lab  
  74  6:23  SCV x2  
  76  6:35  SCV x2  
  76  6:47  SCV  
  76  6:48  Combat Shield  
  76  6:49  Concussive Shells  
  76  6:50  Orbital Command  
  76  6:51  SCV  
  75  7:00  SCV  
  76  7:03  SCV  
  76  7:05  Barracks Reactor x2  
  76  7:07  Marauder x3  
  76  7:08  Widow Mine x2, Medivac x2  
  85  7:28  Marauder x3  
  85  7:29  Widow Mine x2, SCV x2  
  93  7:31  Orbital Command  
  93  7:38  Medivac x2  
  93  7:42  Refinery  
  93  7:43  Missile Turret  
  93  7:44  Refinery, Terran Infantry Armor Level 1  
  97  7:46  Marine x4  
  97  7:49  Marauder  
  97  7:50  Marauder x2  
  106  8:03  Marine  
  106  8:04  Marine x3  
  107  8:10  Marine x2  
  109  8:13  Marine  
  105  8:21  Marine  
  98  8:31  Marauder, Marine  
  98  8:32  Marauder x2, Marine x2  
  98  8:33  Widow Mine  
  109  8:39  Supply Depot, Widow Mine, SCV x3, Marine, Medivac  
  117  9:00  Marauder x2, SCV x2, Medivac  
  125  9:25  Supply Depot  
  125  9:27  Supply Depot x2  
  125  9:28  Supply Depot  
  125  9:30  Armory, Engineering Bay  
  125  9:47  Marauder, Widow Mine x2, SCV, Marine  
  125  9:48  Marine x2  
  125  9:49  Marauder, SCV x2, Marine x2, Medivac x2  
  113  10:01  SCV  
  113  10:05  Marauder  
  110  10:07  Marine x3  
  110  10:09  Marauder  
  110  10:10  Marauder, Marine  
  110  10:12  Widow Mine x2  
  113  10:19  SCV x3  
  120  10:24  Liberator  
  120  10:25  Terran Infantry Weapons Level 2, Marine x3  
  120  10:26  Marauder  
  120  10:28  Starport x2  
  125  10:30  Marauder  
  125  10:31  SCV  
  125  10:32  Marauder  
  130  10:39  Terran Infantry Armor Level 2  
  129  10:45  Widow Mine x2, Marine x3  
  129  10:46  Marine  
  129  10:48  Marauder  
  139  10:51  Marine  
  139  10:52  SCV x3  
  143  11:00  Marauder, Refinery, Command Center  
  143  11:02  Refinery  
  143  11:03  Marine x3  
  148  11:04  SCV  
  148  11:09  Marauder x2  
  153  11:25  Liberator  
  153  11:30  Marauder  
  153  11:31  Marauder  
  153  11:32  Starport Reactor, Starport Tech Lab  
  157  11:37  Fusion Core, Supply Depot  
  157  11:38  Supply Depot  
  157  11:39  Supply Depot  
  157  11:41  Marine x2  
  157  11:42  Marine  
  157  11:43  Marauder  
  133  11:52  Marauder x2, Marine  
  133  11:53  Medivac x2  
  124  11:58  Marine x2  
  124  11:59  SCV x3  
  124  12:00  Marine  
  124  12:04  Marauder  
  124  12:07  Liberator  
  122  12:09  Marine  
  122  12:11  SCV x3  
  122  12:13  Marauder x2, Planetary Fortress  
  130  12:16  Missile Turret, Marine x2  
  132  12:23  Medivac x2  
  132  12:24  Medivac  
  141  12:36  Widow Mine x2  
  141  12:37  Marauder x3, Liberator x2, Marine x4  
  155  12:50  Missile Turret  
  155  12:54  Marine x2  
  155  12:55  Marine x2  
  155  12:58  Marauder x3  
  171  13:00  Viking x2  
  171  13:03  Terran Ship Weapons Level 1  
  171  13:05  Supply Depot  
  175  13:07  Viking  
  175  13:11  Missile Turret  
  177  13:19  Marine x2  
  177  13:20  Marine x4  
  167  14:22  Viking x5  
  177  14:38  Terran Infantry Armor Level 3, Terran Infantry Weapons Level 3  
  177  14:40  Marauder x2  
  177  14:41  Marauder  
  183  14:46  Liberator  
  183  14:52  Marine x4, Viking x4  
  186  14:57  Terran Vehicle And Ship Armor Level 1  
  189  15:02  Marauder x3  
  198  15:07  Advanced Ballistics  
  189  15:20  Marine x2  
  191  15:23  Marauder x2  
  195  15:36  Marine x2  
  195  15:37  Marauder  
  195  15:44  Marauder  
  172  16:14  Liberator  
  172  16:15  Liberator x4  
  158  16:23  Marauder x3, Marine x4  
  151  16:31  Widow Mine x2  
  168  16:41  Marine x4  
  168  16:44  Marauder  
  168  16:45  Marauder x2  
  171  16:58  Marine  
  171  16:59  Marine x2  
  174  17:06  Marauder x3  
  180  17:15  Medivac x2  
  158  17:41  Marine x7  
  157  17:49  Viking x5  
  158  17:52  Widow Mine x2  
  162  17:58  Marine  
  162  17:59  Marine x6  
  169  18:06  Command Center  
  169  18:16  Marine x2  
  169  18:17  Marine x2  
  169  18:19  Command Center, Viking x5  
  186  18:20  Refinery  
  186  18:24  Refinery  
  190  18:27  Widow Mine x2  
  190  18:30  Marine  
  190  18:31  Marine x2  
  190  18:34  Marine x4  
  194  18:42  Terran Ship Weapons Level 2  
  198  18:48  Widow Mine x2, Marine  
  198  18:49  Marine  
  200  19:22  Orbital Command  
  200  19:32  Planetary Fortress  
  200  19:36  Refinery  
  200  19:38  Starport  
  200  19:44  Starport  
  200  19:49  Structure Armor  
  200  19:50  Hi-Sec Auto Tracking  
  158  20:54  Marauder x3, Marine x2  
  158  20:55  Marine x2  
  158  20:56  Viking x5  
  129  20:57  Viking x2  
  129  20:58  Terran Vehicle And Ship Armor Level 2  
  117  21:12  Marine x4  
  117  21:15  Marine x2  
  117  21:16  Marauder  
  110  21:20  SCV  
  111  21:26  Medivac x4  
  111  21:30  Marine x4  
  111  21:32  Starport Reactor  
  123  21:33  SCV, Marine x2  
  123  21:37  Marine  
  123  21:38  Viking x2  
  131  21:44  Refinery  
  131  21:48  Marine x4  
  131  21:51  Marauder x2  
  139  21:55  Marauder  
  139  21:56  Viking x3  
  139  21:58  Starport Tech Lab  
  147  22:05  Marine  
  147  22:06  Marine x3  
  151  22:08  Viking x2  
  151  22:13  Marauder x2  
  155  22:16  Marauder  
  126  22:23  Marine x2  
  126  22:24  Marine x2  
  106  22:34  Marine x2  
  87  22:37  Marine  
  87  22:40  Viking x2  
  87  22:41  Marine x3, Viking x6  
  87  22:42  Marine  
  98  22:51  Marine  
  98  22:52  Marine  
  98  22:54  SCV x4  
  98  22:55  SCV, Marine  
  106  22:59  Marine x4  
  110  23:06  SCV x4  
  110  23:07  SCV  
  110  23:09  Marine x2  
  110  23:10  Viking x2  
  110  23:11  Viking x5  
  131  23:18  Marauder, Marine x4  
  137  23:27  Marine  
  137  23:28  Marauder  
  137  23:33  Viking  
  142  23:40  Viking x2  
  142  23:41  Viking  
  148  23:55  Viking x4  
  156  24:03  Viking  
  156  24:04  Missile Turret  
  156  24:05  Missile Turret  
  156  24:06  Missile Turret  
  156  24:07  Missile Turret  
  158  24:10  Viking  
  158  24:16  Marine x2  
  158  24:17  Marauder x2, Marine x3  
  94  25:06  Viking  
  86  25:08  Viking x7  
Tags
 
Add a new tag
Caveats
  • Supply blocks, unpowered buildings, or Contaminate may cause inaccurate times.
  • Supply counts are checked every 10 seconds.